 Dungeon Crawl Stone Soup version 0.30-a0-972-gf3ab3527aa (webtiles) character file.

Game seed: 15161506053142791549

106 IdlyInterested the Slasher (level 4, -5/34 HPs)
             Began as a Demonspawn Gladiator on Mar 31, 2023.
             Killed from afar by a white imp (6 damage)
             ... with a puff of frost
             ... summoned by Eustachio
             ... on level 6 of the Dungeon.
             The game lasted 00:07:02 (1699 turns).

IdlyInterested the Slasher (Demonspawn Gladiator)   Turns: 1699, Time: 00:07:03

Health: -5/34      AC: 11    Str: 15    XL:     4   Next: 55%
Magic:  4/4        EV:  7    Int:  9    God:
Gold:   32         SH:  4    Dex: 20    Spells: 3/3 levels left

rFire   . . .      SeeInvis .    a - +0 long sword
rCold   . . .      Faith    .    q - +0 buckler of Vett {Regen+ Dex+4}
rNeg    + . .      Spirit   .    x - +0 chain mail
rPois   .          Reflect  .    (helmet restricted)
rElec   .          Rampage  .    (no cloak)
rCorr   .                        b - +2 pair of gloves
Will    .....                    (no boots) Stlth
                                 j - amulet of regeneration
HPRegen 1.85/turn                z - ring of positive energy
MPRegen 0.09/turn                (no ring)

@: no status effects
A: horns 1, demonic guardian 1
a: no special abilities


You were on level 6 of the Dungeon.
You visited 1 branch of the dungeon, and saw 4 of its levels.

You collected 153 gold pieces.
You spent 121 gold pieces at shops.

Inventory:

Hand Weapons
 a - a +0 long sword (weapon)
 h - a +0 short sword
Missiles
 d - 3 throwing nets
 e - a javelin
 f - a boomerang of dispersal
 i - 20 stones (quivered)
 A - 2 poisoned darts
Armour
 b - a +2 pair of gloves (worn)
 q - the +0 buckler of Vett (worn) {Regen+ Dex+4}
   (You found it on level 2 of the Dungeon)

   Dex:       It affects your dexterity (+4).
   Regen:     It increases your rate of health regeneration.
 x - a +0 chain mail (worn)
Jewellery
 j - an amulet of regeneration (around neck)
 z - a ring of positive energy (left hand)
Scrolls
 o - a scroll of noise {unknown}
 p - 5 scrolls of fog {unknown}
 r - a scroll of immolation {unknown}
 t - a scroll of teleportation {unknown}
 v - a scroll of fear
 y - a scroll of enchant armour {unknown}
Potions
 c - a potion of ambrosia {unknown}
 g - 2 potions of haste
 k - a potion of mutation {unknown}
 l - 2 potions of attraction {unknown}
 m - 2 potions of degeneration {unknown}
 n - a potion of cancellation
 s - a potion of flight {unknown}
 u - a potion of might
 w - 2 potions of heal wounds


   Skills:
 + Level 2.5 Fighting
 * Level 3.9 Long Blades
 - Level 1.7 Throwing
 - Level 1.0 Armour
 - Level 2.6 Dodging
 - Level 1.0 Stealth
 - Level 1.0 Shields
 - Level 1.0 Evocations


You had 3 spell levels left.
You didn't know any spells.
Your spell library contained the following spells:

 Spells                   Type           Power      Damage    Failure   Level
 Slow                     Hex            0%         N/A       100%        1
 Confusing Touch          Hex            0%         N/A       100%        3
 Vampiric Draining        Necr           0%         2d6       100%        3
 Animate Armour           Summ/Erth      0%         N/A       100%        4
 Blade Hands              Tmut           0%         N/A       100%        5
 Iron Shot                Conj/Erth      0%         9d1       100%        6


Dungeon Overview and Level Annotations

Branches:
Dungeon (3/15)

Altars:

Shops:
D:2 *

Annotations:
D:6 Eustachio


Innate Abilities, Weirdness & Mutations

You have a pair of small horns on your head.
A weak demonic guardian rushes to your aid.


Message History

Found 2 poisoned darts.
You see here 2 poisoned darts.
A - 2 poisoned darts
i - 20 stones (gained 2)
You see here a +3 mace.
Eustachio the Magnificent comes into view.
He is wielding a +4 rapier.
Eustachio shouts!
You hear an angry hiss.
An iguana comes into view.
Found a long runed staff.
Eustachio hits you with a +4 rapier.
You miss Eustachio. Eustachio hits you with a +4 rapier!
You completely miss Eustachio.
Eustachio mumbles some strange words.
You slash Eustachio! Your headbutt misses Eustachio.
Eustachio is moderately wounded.
Eustachio hits you with a +4 rapier.
You slash Eustachio! You headbutt Eustachio!
Eustachio is severely wounded.
Eustachio hits you with a +4 rapier.
The white imp grinds its teeth.
Eustachio hits you with a +4 rapier!
A demonic guardian appears!
The iguana bites you.
You hit Eustachio. Your headbutt misses Eustachio.
Eustachio is severely wounded.
The white imp lashes its tail.
The white imp closely misses you. Eustachio hits you with a +4 rapier.
* * * LOW HITPOINT WARNING * * *
The iguana bites you.
* * * LOW HITPOINT WARNING * * *
You hit Eustachio.
Eustachio is almost dead.
The white imp hits you.
* * * LOW HITPOINT WARNING * * *
The white imp freezes you.
* * * LOW HITPOINT WARNING * * *
The iguana bites you but does no damage.
Eustachio mumbles some strange words.
Eustachio blinks!
The white imp gestures at you. The puff of frost hits you.
You die...

... ..#.. ... |... .. #
...#### .. # .## #......
#. ###. .#.....# #.
.....##.#....#..
#.###.##..##.l5......
#.....##....5@5......
#.#.......#..##5.....
##...........##..#...
#........#)...# .. .
######.##..#......# ...
...........#....##..#.@.
#######.#.####..##.... .
#..#....#.........
#.#...............


You could see Eustachio, an iguana (ally target), an iron imp (summoned), a
white imp (summoned), a shadow imp (summoned) and a friendly iron imp
(summoned).

Vanquished Creatures
  A gnoll (D:1)
  3 adders
  2 worms
  5 orcs (D:3)
  8 ball pythons
  2 bats
  5 endoplasms
  2 giant cockroaches
  4 hobgoblins
  4 quokkas
  5 frilled lizards
  6 goblins
  4 kobolds
  6 rats
57 creatures vanquished.

Notes
Turn   | Place    | Note
-------+----------+-------------------------------------------
     0 | D:1      | IdlyInterested the Demonspawn Gladiator began the quest for
                  | the Orb.
     0 | D:1      | Reached XP level 1. HP: 16/16 MP: 1/1
   267 | D:1      | Reached skill level 1 in Evocations
   282 | D:1      | Gained mutation: You have a pair of small horns on your
                  | head. [demonic ancestry]
   282 | D:1      | Reached XP level 2. HP: 22/22 MP: 2/2
   473 | D:1      | Reached skill level 3 in Long Blades
   473 | D:1      | Reached skill level 1 in Armour
   497 | D:1      | Reached skill level 1 in Stealth
   567 | D:1      | Reached XP level 3. HP: 27/27 MP: 3/3
   964 | D:2      | Reached skill level 1 in Shields
  1057 | D:2      | Identified the +0 buckler of Vett {Regen+ Dex+4}
  1208 | D:2      | Found Bouhuc's General Store.
  1381 | D:2      | Bought a scroll of fear for 44 gold pieces
  1381 | D:2      | Bought a potion of heal wounds for 55 gold pieces
  1381 | D:2      | Bought a scroll of identify for 22 gold pieces
  1467 | D:3      | Gained mutation: A weak demonic guardian rushes to your
                  | aid. [demonic ancestry]
  1467 | D:3      | Reached XP level 4. HP: 33/33 MP: 4/4
  1657 | D:3      | You fall into a shaft and drop 3 floors!
  1692 | D:6      | Noticed Eustachio
  1699 | D:6      | HP: 1/34 [white imp[Eustachio] (5)]
  1699 | D:6      | Killed from afar by a white imp

Illustrated notes

Levels and vault maps discovered:
D:1:      dpeg_cavernosity, layout_basic
D:2:      layout_rooms, serial_shops, nicolae_shop_statue_plus,
          grunt_decor_fettered
D:3:      layout_rooms, dilly_ecumenical_altar_fadedgnrine,
          kennysheep_generic_room_10
D:6:      layout_basic, gammafunk_ghost_smash, st_stairs_10,
          hangedman_decor_growths, uniq_eustachio

Skill      XL: |  1  2  3 |
---------------+----------+-----
Evocations     | 1 |  1.0
Long Blades    | 3 |  3.9
Armour         | 1 |  1.0
Stealth        | 1 |  1.0
Shields        | 1 |  1.0
Fighting       | |  2.5
Throwing       | |  1.7
Dodging        | |  2.6

Action                     |  1- 3 |  4- 6 || total
---------------------------+-------+-------++-------
  Melee: Long sword        |   105 |    46 ||   151
         Headbutt          |    10 |     7 ||    17
  Throw: Stone             |     3 |       ||     3
    Use: Scroll            |     3 |     2 ||     5
   Stab: Sleeping          |     2 |       ||     2
 Armour: Leather armour    |    20 |       ||    20
         Chain mail        |     1 |    31 ||    32
         Scale mail        |     1 |       ||     1
  Dodge: Dodged            |    70 |    19 ||    89
  Block: Buckler           |     6 |     6 ||    12

Table legend: (Time is in decaauts)
 A = Elapsed time spent in this place.
 B = Non-inter-level travel time spent in this place.
 C = Inter-level travel time spent in this place.
 D = Time resting spent in this place.
 E = Time spent auto-exploring this place.
 F = Levels seen in this place.
 G = Mean time per level.
                   A        B        C        D        E       F      G
               +--------+--------+--------+--------+--------+-----+--------+
         Total |   1737 |   1582 |    155 |     28 |    899 |   4 |  434.2 |
       Dungeon |   1737 |   1582 |    155 |     28 |    899 |   4 |  434.2 |
               +--------+--------+--------+--------+--------+-----+--------+

Top non-repeatable levels by time:
     D:1: 985 daAuts
     D:2: 493 daAuts
     D:3: 216 daAuts
     D:6: 42 daAuts
